 Dungeon Crawl Stone Soup version 0.31-a0-459-gc8a9bf3d51 (webtiles) character file.

Game seed: 1728418670444840032

38 Ethylacetat the Insei (level 3, -1/20 HPs)
             Began as a Vine Stalker Monk on Aug 4, 2023.
             Slain by a worm (4 damage)
             ... on level 2 of the Dungeon.
             The game lasted 00:01:07 (812 turns).

Ethylacetat the Insei (Vine Stalker Monk)            Turns: 812, Time: 00:01:07

Health: -1/20      AC:  2    Str: 13    XL:     3   Next: 43%
Magic:  0/6        EV: 13    Int: 16    God:
Gold:   48         SH:  0    Dex: 18    Spells: 4/4 levels left

rFire   . .          .
                       - Unarmed
rCold   . . .        c - orb {light}
rNeg    . . .        a - +0 robe
rPois   .            (no helmet)
rElec   .            (no cloak)
rCorr   .            (no gloves)
SInv    .            (no boots)
Will    .....        (no amulet)
Stlth   +            e - +6 ring of intelligence
HPRegen 0.23/turn    (no ring)
MPRegen 0.10/turn

%: guardian spirit
@: glowing
A: fangs 2, magic shield, antimagic bite, no potion heal 2
a: no special abilities


You were on level 2 of the Dungeon.
You visited 1 branch of the dungeon, and saw 2 of its levels.

You collected 48 gold pieces.

Inventory:

Armour
 a - a +0 robe (worn)
 c - an orb of light (worn)
Jewellery
 e - a +6 ring of intelligence (left hand)
 g - a ring of protection from fire
Scrolls
 d - 2 scrolls of vulnerability {unknown}
 f - a scroll of poison {unknown}
Potions
 b - a potion of ambrosia


   Skills:
 + Level 3.2 Fighting
 - Level 2.4 Dodging
 + Level 3.5 Unarmed Combat
 + Level 1.4 Spellcasting


You had 4 spell levels left.
You didn't know any spells.
Your spell library was empty.

Dungeon Overview and Level Annotations

Branches:
Dungeon (2/15)

Altars:


Innate Abilities, Weirdness & Mutations

You have extremely sharp teeth.
When hurt, damage is shared between your health and your magic reserves.
Your bite disrupts and absorbs the magic of your enemies.
Potions cannot restore your health.


Message History

You feel agile. x2
Found 9 gold pieces.
Found 6 stones.
You see here 11 gold pieces.
A kobold comes into view. It is wielding a +0 short sword.
Found 14 gold pieces.
An adder comes into view.
The adder hisses angrily.
An adder comes into view.
You see here 14 gold pieces.
A quokka comes into view.
You hit the worm but do no damage. You hit the worm.
You bite the worm, but do no damage.
The worm is lightly wounded.
The worm misses you.
You hit the worm. You bite the worm, but do no damage.
The worm is lightly wounded.
The worm bites you!
You hit the worm.
The worm is moderately wounded.
You hit the worm but do no damage. You bite the worm. You drain its power.
You feel invigorated.
The worm is moderately wounded.
The worm bites you!
* * * LOW HITPOINT WARNING * * *
You hit the worm. You bite the worm, but do no damage.
The worm is moderately wounded.
You hit the worm but do no damage.
The worm is moderately wounded.
The worm closely misses you.
You hit the worm. You bite the worm. You drain its power.
You feel invigorated.
The worm is severely wounded.
You hit the worm.
The worm is almost dead.
The worm bites you.
* * * LOW HITPOINT WARNING * * *
You hit the worm.
The worm is almost dead.
The worm bites you!
You die...

......(............
.....#.........#.###
..S...........:....#
.....?.....<.......#
..................##
######>....##.........
......SKw.w...........
######w#.............
#@#..#..........
#..#..#..........
#...#.............
#.#.#..$...##...##
.........(.. ...#
........#.#.## #.# ##.
.....#...# #......


You could see 2 worms, an adder and a kobold.

Vanquished Creatures
  Natasha (D:2)
  An endoplasm (D:1)
  A hobgoblin (D:1)
  A kobold (D:1)
  A quokka (D:1)
  4 ball pythons (D:1)
  3 bats (D:1)
  A frilled lizard (D:1)
13 creatures vanquished.

Notes
Turn   | Place    | Note
-------+----------+-------------------------------------------
     0 | D:1      | Ethylacetat the Vine Stalker Monk began the quest for the
                  | Orb.
     0 | D:1      | Reached XP level 1. HP: 11/11 MP: 2/2
   289 | D:1      | Reached XP level 2. HP: 12/16 MP: 1/3
   783 | D:2      | Noticed Natasha
   789 | D:2      | Killed Natasha
   790 | D:2      | Reached skill level 1 in Spellcasting
   790 | D:2      | Reached XP level 3. HP: 10/20 MP: 3/6
   812 | D:2      | Slain by a worm

Illustrated notes

Levels and vault maps discovered:
D:1:      lightli_arrival_isolated_outpost, layout_basic,
          minmay_misc_feat_plants, minmay_misc_feat_more_columns
D:2:      layout_rooms, minmay_pentomino_r2, uniq_natasha

Skill      XL: |  1  2 |
---------------+-------+-----
Fighting       | 3 |  3.2
Spellcasting   | 1 |  1.4
Dodging        | |  2.4
Unarmed Combat | |  3.5

Action                     || total
---------------------------++-------
  Melee: Unarmed           ||    58
         Bite              ||    15
 Armour: Robe              ||    12
  Dodge: Dodged            ||    37

Table legend: (Time is in decaauts)
 A = Elapsed time spent in this place.
 B = Non-inter-level travel time spent in this place.
 C = Inter-level travel time spent in this place.
 D = Time resting spent in this place.
 E = Time spent auto-exploring this place.
 F = Levels seen in this place.
 G = Mean time per level.
                   A        B        C        D        E       F      G
               +--------+--------+--------+--------+--------+-----+--------+
         Total |    814 |    774 |     40 |      0 |    656 |   2 |  407.0 |
       Dungeon |    814 |    774 |     40 |      0 |    656 |   2 |  407.0 |
               +--------+--------+--------+--------+--------+-----+--------+

Top non-repeatable levels by time:
     D:1: 786 daAuts
     D:2: 28 daAuts
